General information
			
			
        
        - name: BNet
 
        - type: Ladder team game (AT/RT)
 
        - host: Battle.net
 
        - saver: DOGSANDHORSE.RU
 
        
map: Friends 
        - players: 8
 
        - length: 42:53
 
        - speed: Fast
 - version: 1.22 W3XP
 - replay type:  

 
» download(413 KB)
Players
        team 1 (winner) 
              
              
DOGSANDHORSE.RU (
orange | 106 APM | 4533 actions | 42:53)
              
 4 Demon Hunter 
 2 Mana Burn
 2 Evasion
 4 Pandaren Brewmaster 
 2 Breath of Fire
 2 Drunken Haze
 3 Keeper of the Grove 
 2 Entangling Roots
 1 Thorns Aura
 
                » actions 
                
                | Assign group hotkey | 4 |  | 
| Basic commands | 2 |  | 
| Build / train | 104 |  | 
| Enter build submenu | 13 |  | 
| Enter hero's abilities submenu | 13 |  | 
| Give item / drop item | 13 |  | 
| Right click | 2967 |  | 
| Select / deselect | 426 |  | 
| Select group hotkey | 561 |  | 
| Use ability | 428 |  | 
                4533 total
 » units 
                » upgrades
                
                | Nature's Blessing | 1 |  | 
| Ultravision | 1 |  | 
| Well Spring | 1 |  | 
                3 total
 » buildings
                
                | Altar of Elders | 1 |  | 
| Moon Well | 5 |  | 
| Ancient of Wonders | 3 |  | 
| Tree of Ages | 1 |  | 
| Tree of Life | 2 |  | 
| Hunter's Hall | 1 |  | 
| Tree of Eternity | 1 |  | 
                14 total
 » build order
                00:21 Altar of Elders
00:32 Moon Well
01:27 Moon Well
02:36 Moon Well
02:46 Moon Well
03:42 Moon Well
05:07 Ancient of Wonders
05:33 Tree of Ages
05:46 Tree of Life
06:08 Hunter's Hall
09:19 Tree of Eternity
14:43 Ancient of Wonders
15:11 Ancient of Wonders
27:30 Tree of Life
» items
                
                | Healing Salve | 5 |  | 
| Lesser Clarity Potion | 5 |  | 
| Orb of Venom | 2 |  | 
| Staff of Preservation | 3 |  | 
| Anti-magic Potion | 1 |  | 
| Potion of Divinity | 3 |  | 
| Scroll of Regeneration | 2 |  | 
| Orb of Lightning | 1 |  | 
| Scroll of Town Portal | 2 |  | 
| Sobi Mask | 6 |  | 
| Belt of Giant Strength +6 | 2 |  | 
                32 total
  
               
              
              
GoToYurup (
red | 93 APM | 3996 actions | 42:48)
              
 8 Blademaster 
 3 Wind Walk
 3 Critical Strike
 1 Bladestorm
 1 Mirror Image
 
                » actions 
                
                | Assign group hotkey | 234 |  | 
| Basic commands | 11 |  | 
| Build / train | 71 |  | 
| Enter build submenu | 68 |  | 
| Enter hero's abilities submenu | 9 |  | 
| Give item / drop item | 5 |  | 
| Right click | 2591 |  | 
| Select / deselect | 451 |  | 
| Select group hotkey | 166 |  | 
| Use ability | 389 |  | 
                3996 total
 » units 
                
                | Peon | 19 |  | 
| Troll Batrider | 13 |  | 
| Goblin Zeppelin | 2 |  | 
                34 total
 » upgrades
                
                | Reinforced Defenses | 1 |  | 
| Liquid Fire | 1 |  | 
| Ranged Weapons | 1 |  | 
| Armor | 1 |  | 
| Spiked Barricades | 1 |  | 
                5 total
 » buildings
                
                | Altar of Storms | 1 |  | 
| Orc Burrow | 4 |  | 
| War Mill | 1 |  | 
| Watch Tower | 49 |  | 
| Voodoo Lounge | 6 |  | 
| Stronghold | 3 |  | 
| Fortress | 2 |  | 
| Beastiary | 4 |  | 
| Great Hall | 3 |  | 
                73 total
 » build order
                00:03 Altar of Storms
00:14 Orc Burrow
00:45 War Mill
02:08 Watch Tower
02:10 Watch Tower
02:23 Orc Burrow
03:24 Watch Tower
03:25 Watch Tower
03:33 Voodoo Lounge
03:38 Watch Tower
04:50 Watch Tower
04:50 Watch Tower
04:56 Watch Tower
05:08 Watch Tower
05:08 Watch Tower
05:10 Stronghold
05:10 Stronghold
06:13 Watch Tower
06:13 Watch Tower
06:16 Watch Tower
06:17 Watch Tower
06:25 Watch Tower
07:46 Watch Tower
07:47 Watch Tower
08:57 Watch Tower
08:58 Watch Tower
10:03 Watch Tower
10:05 Watch Tower
11:09 Fortress
11:09 Fortress
11:13 Beastiary
11:14 Beastiary
11:57 Orc Burrow
12:12 Great Hall
12:24 Watch Tower
12:24 Watch Tower
14:37 Watch Tower
14:37 Watch Tower
14:54 Voodoo Lounge
14:59 Orc Burrow
15:09 Watch Tower
15:10 Watch Tower
15:11 Watch Tower
15:11 Watch Tower
15:24 Great Hall
16:32 Watch Tower
16:32 Watch Tower
16:32 Watch Tower
16:34 Watch Tower
16:35 Watch Tower
16:36 Watch Tower
18:40 Beastiary
18:41 Beastiary
18:45 Watch Tower
18:45 Watch Tower
18:46 Watch Tower
18:47 Watch Tower
18:48 Watch Tower
18:54 Watch Tower
19:07 Watch Tower
22:14 Voodoo Lounge
22:15 Voodoo Lounge
25:30 Great Hall
25:31 Watch Tower
25:32 Watch Tower
25:32 Watch Tower
25:37 Watch Tower
26:57 Watch Tower
26:57 Watch Tower
26:58 Watch Tower
36:50 Voodoo Lounge
36:51 Voodoo Lounge
» items
                
                | Healing Salve | 3 |  | 
| Lesser Clarity Potion | 6 |  | 
| Potion of Healing | 1 |  | 
| Orb of Lightning | 1 |  | 
| Scourge Bone Chimes | 1 |  | 
| Scroll of Town Portal | 3 |  | 
| Runed Bracers | 1 |  | 
                16 total
  
               
              
              
RockBocken (
green | 114 APM | 4900 actions | 42:48)
              
 6 Pandaren Brewmaster 
 3 Breath of Fire
 2 Drunken Haze
 1 Storm Earth and Fire
 5 Pit Lord 
 3 Rain of Fire
 2 Cleaving Attack
 5 Goblin Tinker 
 3 Cluster Rockets
 2 Engineering Upgrade
 
                » actions 
                
                | Assign group hotkey | 293 |  | 
| Basic commands | 2 |  | 
| Build / train | 168 |  | 
| Enter build submenu | 146 |  | 
| Enter hero's abilities submenu | 17 |  | 
| Right click | 2329 |  | 
| Select / deselect | 565 |  | 
| Select group hotkey | 963 |  | 
| Use ability | 417 |  | 
                4900 total
 » units 
                
                | Peasant | 30 |  | 
| Goblin Zeppelin | 2 |  | 
| Goblin Shredder | 1 |  | 
| Priest | 2 |  | 
                35 total
 » upgrades
                
                | Lumber Harvesting | 2 |  | 
| Masonry | 3 |  | 
| Magic Sentry | 1 |  | 
| Priest Training | 2 |  | 
                8 total
 » buildings
                
                | Lumber Mill | 1 |  | 
| Farm | 5 |  | 
| Scout Tower | 137 |  | 
| Altar of Kings | 1 |  | 
| Arcane Tower | 3 |  | 
| Arcane Vault | 5 |  | 
| Guard Tower | 69 |  | 
| Keep | 1 |  | 
| Castle | 1 |  | 
| Town Hall | 1 |  | 
| Arcane Sanctum | 1 |  | 
                225 total
 » build order
                00:22 Lumber Mill
00:33 Farm
00:54 Farm
01:03 Scout Tower
01:08 Altar of Kings
01:32 Farm
01:39 Scout Tower
02:03 Arcane Tower
02:10 Scout Tower
02:26 Arcane Vault
02:38 Guard Tower
02:41 Scout Tower
03:06 Guard Tower
03:07 Guard Tower
03:08 Scout Tower
03:45 Guard Tower
03:47 Scout Tower
03:49 Scout Tower
04:48 Guard Tower
04:50 Scout Tower
04:52 Scout Tower
04:53 Scout Tower
05:20 Keep
05:22 Guard Tower
05:23 Scout Tower
05:26 Scout Tower
05:54 Guard Tower
05:55 Scout Tower
05:57 Scout Tower
06:06 Scout Tower
06:07 Scout Tower
06:10 Scout Tower
06:10 Scout Tower
06:11 Scout Tower
06:14 Scout Tower
06:16 Scout Tower
06:19 Scout Tower
06:19 Scout Tower
06:22 Guard Tower
06:24 Arcane Tower
06:29 Scout Tower
06:30 Scout Tower
06:45 Guard Tower
06:52 Guard Tower
07:01 Guard Tower
07:45 Scout Tower
07:47 Guard Tower
07:48 Scout Tower
07:49 Scout Tower
07:52 Guard Tower
07:57 Scout Tower
07:59 Scout Tower
08:15 Guard Tower
08:17 Scout Tower
08:52 Guard Tower
09:30 Castle
09:36 Scout Tower
10:23 Town Hall
10:32 Farm
10:33 Farm
10:36 Scout Tower
10:37 Guard Tower
10:40 Scout Tower
12:04 Guard Tower
12:04 Arcane Sanctum
12:06 Guard Tower
12:10 Guard Tower
12:11 Scout Tower
14:40 Scout Tower
14:41 Scout Tower
14:44 Scout Tower
14:45 Guard Tower
14:47 Scout Tower
14:48 Scout Tower
15:06 Scout Tower
15:07 Scout Tower
15:11 Guard Tower
15:19 Guard Tower
15:22 Scout Tower
15:22 Scout Tower
15:40 Guard Tower
15:43 Scout Tower
15:49 Guard Tower
15:51 Scout Tower
16:25 Guard Tower
16:27 Guard Tower
16:28 Scout Tower
16:29 Scout Tower
16:31 Arcane Vault
16:34 Scout Tower
16:35 Scout Tower
16:35 Scout Tower
16:37 Guard Tower
16:38 Scout Tower
16:39 Scout Tower
16:41 Scout Tower
17:19 Guard Tower
18:46 Guard Tower
18:47 Scout Tower
18:48 Scout Tower
18:55 Guard Tower
19:00 Scout Tower
19:03 Scout Tower
19:04 Scout Tower
19:04 Scout Tower
19:05 Scout Tower
19:06 Scout Tower
19:08 Guard Tower
19:09 Scout Tower
19:13 Arcane Vault
21:02 Guard Tower
21:04 Scout Tower
21:05 Scout Tower
22:00 Guard Tower
22:01 Scout Tower
22:38 Scout Tower
22:39 Scout Tower
22:40 Scout Tower
22:41 Scout Tower
22:42 Guard Tower
22:43 Scout Tower
22:44 Scout Tower
22:46 Guard Tower
22:51 Scout Tower
22:53 Scout Tower
23:10 Scout Tower
23:13 Guard Tower
23:14 Scout Tower
23:14 Scout Tower
23:23 Guard Tower
23:26 Scout Tower
23:57 Guard Tower
24:00 Scout Tower
24:05 Guard Tower
24:07 Scout Tower
24:13 Scout Tower
24:14 Scout Tower
24:16 Scout Tower
24:18 Guard Tower
24:19 Scout Tower
24:34 Guard Tower
24:35 Scout Tower
24:37 Arcane Vault
24:39 Guard Tower
24:40 Scout Tower
24:49 Guard Tower
24:59 Guard Tower
25:00 Scout Tower
25:02 Guard Tower
25:03 Scout Tower
25:04 Scout Tower
25:13 Guard Tower
25:14 Scout Tower
25:15 Scout Tower
25:27 Guard Tower
25:28 Scout Tower
25:29 Scout Tower
25:29 Scout Tower
25:32 Scout Tower
25:32 Scout Tower
25:32 Scout Tower
26:51 Scout Tower
26:52 Scout Tower
26:57 Scout Tower
27:59 Guard Tower
28:02 Scout Tower
28:03 Guard Tower
28:05 Scout Tower
28:07 Scout Tower
28:09 Guard Tower
28:12 Scout Tower
28:12 Scout Tower
28:34 Guard Tower
28:38 Guard Tower
28:39 Scout Tower
28:41 Scout Tower
28:42 Scout Tower
28:45 Guard Tower
28:46 Scout Tower
29:16 Guard Tower
29:26 Scout Tower
29:27 Scout Tower
30:15 Guard Tower
30:34 Scout Tower
30:51 Scout Tower
31:06 Arcane Tower
31:10 Guard Tower
31:11 Scout Tower
31:12 Scout Tower
31:36 Scout Tower
31:39 Guard Tower
31:40 Scout Tower
34:03 Guard Tower
34:04 Scout Tower
34:06 Scout Tower
35:05 Scout Tower
35:08 Scout Tower
35:35 Guard Tower
35:50 Guard Tower
35:51 Scout Tower
35:52 Scout Tower
36:31 Guard Tower
36:47 Guard Tower
37:03 Scout Tower
37:04 Scout Tower
37:06 Scout Tower
37:07 Scout Tower
38:23 Guard Tower
38:25 Scout Tower
38:27 Scout Tower
38:47 Scout Tower
38:48 Scout Tower
38:50 Scout Tower
38:52 Scout Tower
39:00 Guard Tower
39:03 Arcane Vault
39:04 Guard Tower
39:05 Scout Tower
39:07 Guard Tower
39:08 Scout Tower
39:27 Guard Tower
39:43 Guard Tower
39:46 Scout Tower
39:46 Scout Tower
» items
                
                | Lesser Clarity Potion | 5 |  | 
| Healing Salve | 2 |  | 
| Orb of Lightning | 2 |  | 
| Orb of Venom | 1 |  | 
| Scroll of Regeneration | 5 |  | 
| Scroll of Town Portal | 7 |  | 
| Staff of Sanctuary | 3 |  | 
| Sobi Mask | 1 |  | 
| The Lion Horn of Stormwind | 1 |  | 
| Ankh of Reincarnation | 1 |  | 
| Potion of Healing | 2 |  | 
| Runed Bracers | 1 |  | 
                31 total
  
               
              
              
SARGEcard.co.uk (
yellow | 72 APM | 3090 actions | 42:49)
              
 5 Mountain King 
 3 Storm Bolt
 2 Bash
 2 Paladin 
 1 Holy Light
 1 Divine Shield
 
                » actions 
                
                | Assign group hotkey | 7 |  | 
| Basic commands | 33 |  | 
| Build / train | 123 |  | 
| ESC pressed | 3 |  | 
| Enter build submenu | 96 |  | 
| Enter hero's abilities submenu | 7 |  | 
| Give item / drop item | 4 |  | 
| Right click | 1523 |  | 
| Select / deselect | 375 |  | 
| Select group hotkey | 671 |  | 
| Use ability | 245 |  | 
                3090 total
 » units 
                
                | Peasant | 24 |  | 
| Goblin Zeppelin | 2 |  | 
                26 total
 » upgrades
                
                | Masonry | 3 |  | 
| Lumber Harvesting | 2 |  | 
| Armor | 3 |  | 
| Swords | 3 |  | 
| Magic Sentry | 1 |  | 
| Animal War Training | 1 |  | 
| Cloud | 1 |  | 
                14 total
 » buildings
                
                | Farm | 3 |  | 
| Scout Tower | 131 |  | 
| Altar of Kings | 1 |  | 
| Lumber Mill | 2 |  | 
| Arcane Tower | 2 |  | 
| Guard Tower | 54 |  | 
| Town Hall | 1 |  | 
| Keep | 2 |  | 
| Blacksmith | 2 |  | 
| Barracks | 1 |  | 
| Castle | 1 |  | 
| Arcane Sanctum | 1 |  | 
| Gryphon Aviary | 1 |  | 
| Arcane Vault | 1 |  | 
                203 total
 » build order
                00:19 Farm
00:28 Scout Tower
00:34 Altar of Kings
00:42 Lumber Mill
00:53 Scout Tower
00:56 Arcane Tower
01:03 Scout Tower
01:08 Farm
01:51 Arcane Tower
02:07 Guard Tower
02:07 Guard Tower
02:11 Scout Tower
02:16 Scout Tower
02:47 Scout Tower
02:50 Guard Tower
02:52 Scout Tower
02:57 Guard Tower
02:58 Scout Tower
03:16 Guard Tower
03:20 Scout Tower
03:29 Guard Tower
03:30 Scout Tower
03:32 Guard Tower
03:33 Scout Tower
03:41 Farm
03:51 Guard Tower
03:53 Scout Tower
04:01 Guard Tower
04:02 Scout Tower
04:57 Guard Tower
05:00 Scout Tower
05:00 Scout Tower
05:02 Scout Tower
05:03 Scout Tower
05:05 Guard Tower
05:07 Scout Tower
05:07 Scout Tower
05:09 Scout Tower
05:10 Scout Tower
05:12 Scout Tower
05:12 Scout Tower
05:20 Scout Tower
05:21 Scout Tower
05:22 Scout Tower
05:25 Scout Tower
05:25 Scout Tower
05:28 Scout Tower
05:29 Scout Tower
05:43 Guard Tower
05:45 Guard Tower
05:47 Scout Tower
05:48 Scout Tower
05:49 Scout Tower
05:50 Scout Tower
05:51 Scout Tower
05:52 Scout Tower
05:56 Scout Tower
05:57 Scout Tower
05:57 Scout Tower
05:58 Scout Tower
06:01 Scout Tower
06:03 Scout Tower
06:06 Scout Tower
06:07 Scout Tower
06:08 Scout Tower
06:09 Scout Tower
06:19 Guard Tower
06:26 Guard Tower
06:26 Guard Tower
06:42 Guard Tower
07:00 Guard Tower
07:00 Guard Tower
07:01 Guard Tower
07:04 Guard Tower
07:06 Guard Tower
07:11 Scout Tower
07:11 Scout Tower
07:15 Scout Tower
07:20 Scout Tower
07:21 Scout Tower
07:22 Scout Tower
07:31 Guard Tower
07:36 Scout Tower
07:44 Guard Tower
07:54 Guard Tower
08:37 Guard Tower
09:05 Scout Tower
09:06 Scout Tower
09:07 Scout Tower
09:13 Town Hall
09:20 Guard Tower
09:24 Guard Tower
09:26 Scout Tower
09:27 Scout Tower
09:31 Scout Tower
09:32 Scout Tower
09:44 Guard Tower
09:49 Scout Tower
09:53 Scout Tower
09:55 Scout Tower
09:55 Scout Tower
09:57 Scout Tower
09:57 Scout Tower
10:27 Guard Tower
10:41 Scout Tower
10:42 Scout Tower
10:45 Scout Tower
10:47 Scout Tower
10:49 Scout Tower
10:50 Scout Tower
11:34 Lumber Mill
11:45 Guard Tower
11:49 Scout Tower
11:49 Scout Tower
11:53 Scout Tower
11:53 Scout Tower
11:56 Scout Tower
11:57 Scout Tower
13:19 Guard Tower
13:28 Scout Tower
13:28 Scout Tower
13:29 Scout Tower
13:30 Scout Tower
13:30 Scout Tower
13:31 Scout Tower
13:32 Scout Tower
13:33 Scout Tower
13:34 Scout Tower
13:35 Scout Tower
13:36 Scout Tower
13:36 Scout Tower
13:41 Keep
13:44 Keep
13:57 Guard Tower
14:01 Scout Tower
14:02 Scout Tower
14:04 Scout Tower
14:04 Scout Tower
14:06 Scout Tower
14:10 Scout Tower
14:11 Scout Tower
14:12 Scout Tower
14:14 Scout Tower
14:23 Guard Tower
14:40 Guard Tower
14:58 Guard Tower
15:02 Blacksmith
15:02 Blacksmith
15:05 Barracks
15:25 Guard Tower
15:38 Scout Tower
15:42 Scout Tower
15:43 Scout Tower
15:44 Scout Tower
15:46 Scout Tower
15:51 Scout Tower
15:52 Scout Tower
15:53 Scout Tower
15:55 Scout Tower
15:56 Scout Tower
15:56 Scout Tower
15:57 Scout Tower
15:58 Scout Tower
15:58 Scout Tower
16:00 Scout Tower
16:01 Scout Tower
16:03 Scout Tower
16:04 Scout Tower
16:06 Scout Tower
16:06 Scout Tower
16:08 Guard Tower
16:10 Guard Tower
16:31 Castle
16:46 Guard Tower
17:09 Guard Tower
17:28 Arcane Sanctum
17:29 Gryphon Aviary
17:31 Arcane Vault
17:43 Guard Tower
18:22 Guard Tower
18:59 Guard Tower
19:08 Guard Tower
19:15 Scout Tower
19:16 Scout Tower
19:17 Scout Tower
19:20 Scout Tower
19:46 Guard Tower
20:52 Guard Tower
26:05 Scout Tower
26:06 Scout Tower
27:00 Guard Tower
27:17 Guard Tower
30:21 Scout Tower
30:21 Scout Tower
30:21 Scout Tower
30:21 Scout Tower
30:22 Scout Tower
30:22 Scout Tower
31:02 Guard Tower
32:49 Guard Tower
33:07 Guard Tower
» items
                
                | Inferno Stone | 1 |  | 
| Staff of Sanctuary | 2 |  | 
| Lesser Clarity Potion | 1 |  | 
| Orb of Lightning | 2 |  | 
| Runed Bracers | 2 |  | 
| Boots of Quel'Thalas +6 | 1 |  | 
| Sobi Mask | 1 |  | 
| Ankh of Reincarnation | 2 |  | 
| Robe of the Magi +6 | 1 |  | 
                13 total
  
               team 2 (loser) 
              
              
» 
ArChi-MaGeS (
purple | 116 APM | 4963 actions | 42:47)
              
 4 Pandaren Brewmaster 
 2 Breath of Fire
 2 Drunken Haze
 
                » actions 
                
                | Assign group hotkey | 27 |  | 
| Basic commands | 182 |  | 
| Build / train | 120 |  | 
| ESC pressed | 7 |  | 
| Enter build submenu | 69 |  | 
| Enter hero's abilities submenu | 4 |  | 
| Give item / drop item | 6 |  | 
| Right click | 2158 |  | 
| Select / deselect | 936 |  | 
| Select group hotkey | 1175 |  | 
| Use ability | 277 |  | 
                4963 total
 » units 
                
                | Wisp | 60 |  | 
| Archer | 6 |  | 
| Dryad | 1 |  | 
| Druid of the Claw | 7 |  | 
| Goblin Zeppelin | 1 |  | 
| Druid of the Talon | 9 |  | 
                84 total
 » upgrades
                
                | Druid of the Claw Training | 2 |  | 
| Reinforced Hides | 3 |  | 
| Strength of the Wild | 3 |  | 
| Well Spring | 1 |  | 
| Mark of the Claw | 1 |  | 
| Ultravision | 1 |  | 
| Nature's Blessing | 1 |  | 
| Druid of the Talon Training | 2 |  | 
                14 total
 » buildings
                
                | Altar of Elders | 1 |  | 
| Moon Well | 8 |  | 
| Ancient of War | 1 |  | 
| Tree of Ages | 7 |  | 
| Hunter's Hall | 1 |  | 
| Tree of Eternity | 2 |  | 
| Ancient of Lore | 3 |  | 
| Ancient Protector | 39 |  | 
| Tree of Life | 2 |  | 
| Ancient of Wind | 2 |  | 
                66 total
 » build order
                00:12 Altar of Elders
00:20 Moon Well
00:36 Ancient of War
01:35 Moon Well
02:47 Tree of Ages
02:47 Tree of Ages
03:52 Hunter's Hall
05:05 Moon Well
05:11 Moon Well
05:44 Tree of Eternity
05:44 Tree of Eternity
05:47 Ancient of Lore
08:37 Ancient of Lore
09:54 Ancient of Lore
12:30 Moon Well
12:32 Moon Well
14:18 Ancient Protector
14:24 Ancient Protector
14:26 Ancient Protector
14:28 Ancient Protector
14:40 Ancient Protector
14:51 Ancient Protector
15:14 Ancient Protector
15:31 Ancient Protector
15:58 Ancient Protector
16:18 Tree of Life
16:45 Ancient Protector
16:59 Ancient Protector
17:04 Ancient Protector
20:52 Ancient Protector
23:07 Ancient of Wind
23:08 Ancient of Wind
23:20 Ancient Protector
23:22 Ancient Protector
23:34 Ancient Protector
23:39 Ancient Protector
24:12 Ancient Protector
24:20 Ancient Protector
24:26 Ancient Protector
24:32 Ancient Protector
25:10 Ancient Protector
25:13 Ancient Protector
25:21 Moon Well
25:24 Ancient Protector
26:56 Ancient Protector
26:59 Ancient Protector
27:03 Moon Well
27:04 Ancient Protector
27:49 Ancient Protector
27:50 Ancient Protector
28:01 Ancient Protector
28:27 Ancient Protector
28:29 Ancient Protector
30:16 Ancient Protector
30:22 Ancient Protector
30:28 Ancient Protector
30:30 Ancient Protector
30:45 Ancient Protector
35:28 Tree of Life
37:08 Ancient Protector
38:16 Ancient Protector
40:45 Tree of Ages
42:42 Tree of Ages
42:42 Tree of Ages
» items
                
                | Boots of Quel'Thalas +6 | 1 |  | 
| Sobi Mask | 1 |  | 
                2 total
  
               
              
              
CrOnOS_ (
pink | 66 APM | 2805 actions | 42:43)
              
 5 Pit Lord 
 3 Rain of Fire
 2 Howl of Terror
 
                » actions 
                
                | Assign group hotkey | 66 |  | 
| Basic commands | 39 |  | 
| Build / train | 129 |  | 
| ESC pressed | 1 |  | 
| Enter build submenu | 57 |  | 
| Enter hero's abilities submenu | 6 |  | 
| Remove unit from queue | 5 |  | 
| Right click | 1187 |  | 
| Select / deselect | 501 |  | 
| Select group hotkey | 611 |  | 
| Use ability | 203 |  | 
                2805 total
 » units 
                
                | Wisp | 80 |  | 
| Archer | 7 |  | 
| Goblin Zeppelin | 2 |  | 
| Dryad | 15 |  | 
                104 total
 » upgrades
                
                | Strength of the Wild | 3 |  | 
| Improved Bows | 1 |  | 
| Marksmanship | 1 |  | 
| Reinforced Hides | 3 |  | 
| Corrosive Breath | 1 |  | 
| Abolish Magic | 1 |  | 
| Nature's Blessing | 1 |  | 
| Ultravision | 1 |  | 
| Well Spring | 1 |  | 
                13 total
 » buildings
                
                | Ancient of War | 2 |  | 
| Moon Well | 7 |  | 
| Altar of Elders | 1 |  | 
| Tree of Ages | 1 |  | 
| Hunter's Hall | 1 |  | 
| Tree of Eternity | 1 |  | 
| Ancient of Wind | 1 |  | 
| Chimaera Roost | 2 |  | 
| Ancient Protector | 35 |  | 
| Ancient of Lore | 2 |  | 
| Tree of Life | 3 |  | 
                56 total
 » build order
                00:12 Ancient of War
00:23 Moon Well
01:06 Altar of Elders
01:55 Moon Well
03:46 Ancient of War
04:00 Moon Well
04:33 Tree of Ages
04:38 Moon Well
06:02 Moon Well
07:19 Hunter's Hall
07:41 Tree of Eternity
08:32 Ancient of Wind
10:11 Chimaera Roost
10:15 Chimaera Roost
12:05 Moon Well
14:03 Moon Well
14:19 Ancient Protector
14:27 Ancient Protector
14:31 Ancient Protector
14:36 Ancient Protector
14:42 Ancient Protector
14:47 Ancient Protector
15:12 Ancient Protector
15:20 Ancient Protector
15:29 Ancient Protector
15:34 Ancient Protector
15:50 Ancient Protector
17:10 Ancient of Lore
17:18 Ancient of Lore
19:44 Tree of Life
21:33 Tree of Life
26:43 Tree of Life
28:03 Ancient Protector
28:12 Ancient Protector
28:14 Ancient Protector
28:17 Ancient Protector
28:19 Ancient Protector
28:48 Ancient Protector
29:40 Ancient Protector
29:42 Ancient Protector
30:09 Ancient Protector
31:21 Ancient Protector
31:23 Ancient Protector
31:31 Ancient Protector
33:53 Ancient Protector
33:53 Ancient Protector
33:56 Ancient Protector
34:11 Ancient Protector
34:19 Ancient Protector
34:21 Ancient Protector
34:24 Ancient Protector
35:34 Ancient Protector
35:36 Ancient Protector
35:43 Ancient Protector
35:46 Ancient Protector
37:32 Ancient Protector
 
               
              
              
kleid (
teal | 40 APM | 1716 actions | 42:39)
              
 5 Tauren Chieftain 
 2 Shockwave
 3 Endurance Aura
 
                » actions 
                
                | Assign group hotkey | 35 |  | 
| Basic commands | 49 |  | 
| Build / train | 108 |  | 
| Enter build submenu | 24 |  | 
| Enter hero's abilities submenu | 6 |  | 
| Remove unit from queue | 4 |  | 
| Right click | 924 |  | 
| Select / deselect | 440 |  | 
| Select group hotkey | 82 |  | 
| Use ability | 44 |  | 
                1716 total
 » units 
                
                | Peon | 21 |  | 
| Grunt | 8 |  | 
| Demolisher | 29 |  | 
| Raider | 1 |  | 
| Troll Batrider | 4 |  | 
| Shaman | 8 |  | 
| Troll Witch Doctor | 6 |  | 
                77 total
 » upgrades
                
                | Berserker Strength | 1 |  | 
| Ensnare | 1 |  | 
| Armor | 3 |  | 
| Shaman Training | 2 |  | 
| Burning Oil | 1 |  | 
| Witch Doctor Training | 2 |  | 
| Liquid Fire | 1 |  | 
                11 total
 » buildings
                
                | Altar of Storms | 1 |  | 
| Orc Burrow | 7 |  | 
| Barracks | 1 |  | 
| War Mill | 2 |  | 
| Stronghold | 1 |  | 
| Voodoo Lounge | 2 |  | 
| Beastiary | 1 |  | 
| Spirit Lodge | 1 |  | 
| Fortress | 1 |  | 
| Watch Tower | 3 |  | 
| Great Hall | 2 |  | 
                22 total
 » build order
                00:10 Altar of Storms
00:28 Orc Burrow
00:41 Barracks
01:38 Orc Burrow
02:41 War Mill
02:49 War Mill
02:52 Orc Burrow
03:47 Stronghold
04:37 Voodoo Lounge
06:15 Beastiary
06:19 Spirit Lodge
06:27 Voodoo Lounge
08:17 Orc Burrow
08:21 Orc Burrow
10:05 Orc Burrow
12:02 Fortress
14:57 Orc Burrow
15:27 Watch Tower
15:28 Watch Tower
15:29 Watch Tower
21:45 Great Hall
24:07 Great Hall
» items
                
                | Ankh of Reincarnation | 1 |  | 
| Mana Stone | 1 |  | 
| Lesser Clarity Potion | 2 |  | 
| Orb of Lightning | 1 |  | 
                5 total
  
               
              
              
Supranoob3 (
blue | 52 APM | 2205 actions | 42:33)
              
 4 Mountain King 
 2 Storm Bolt
 2 Bash
 2 Paladin 
 1 Divine Shield
 1 Devotion Aura
 
                » actions 
                
                | Basic commands | 7 |  | 
| Build / train | 99 |  | 
| Enter build submenu | 42 |  | 
| Enter hero's abilities submenu | 6 |  | 
| Remove unit from queue | 4 |  | 
| Right click | 1317 |  | 
| Select / deselect | 613 |  | 
| Use ability | 117 |  | 
                2205 total
 » units 
                
                | Peasant | 15 |  | 
| Rifleman | 8 |  | 
| Forest Troll Shadow Priest | 1 |  | 
| Dragonhawk Rider | 6 |  | 
| Goblin Zeppelin | 1 |  | 
| Knight | 7 |  | 
| Gryphon Rider | 4 |  | 
| Mortar Team | 4 |  | 
| Siege Engine | 4 |  | 
                50 total
 » upgrades
                
                | Gunpowder | 1 |  | 
| Long Rifles | 1 |  | 
| Cloud | 1 |  | 
| Masonry | 3 |  | 
| Magic Sentry | 1 |  | 
                7 total
 » buildings
                
                | Farm | 13 |  | 
| Altar of Kings | 1 |  | 
| Blacksmith | 1 |  | 
| Barracks | 1 |  | 
| Scout Tower | 46 |  | 
| Arcane Tower | 1 |  | 
| Lumber Mill | 2 |  | 
| Guard Tower | 21 |  | 
| Keep | 1 |  | 
| Arcane Vault | 2 |  | 
| Gryphon Aviary | 2 |  | 
| Castle | 2 |  | 
| Town Hall | 1 |  | 
| Workshop | 2 |  | 
| Arcane Sanctum | 1 |  | 
                97 total
 » build order
                00:16 Farm
00:20 Altar of Kings
01:09 Blacksmith
01:39 Barracks
01:46 Scout Tower
02:06 Scout Tower
02:07 Scout Tower
02:23 Arcane Tower
02:32 Farm
03:10 Farm
03:33 Lumber Mill
03:57 Farm
04:57 Guard Tower
04:59 Keep
05:15 Arcane Vault
06:00 Farm
06:29 Farm
06:45 Farm
07:20 Gryphon Aviary
07:34 Farm
07:37 Farm
08:23 Gryphon Aviary
09:00 Farm
12:05 Castle
12:06 Castle
15:17 Scout Tower
15:18 Scout Tower
15:18 Scout Tower
15:20 Scout Tower
15:22 Scout Tower
15:23 Scout Tower
15:24 Scout Tower
16:09 Scout Tower
16:10 Scout Tower
16:12 Scout Tower
16:14 Scout Tower
16:16 Scout Tower
16:16 Scout Tower
16:20 Scout Tower
16:21 Scout Tower
16:22 Scout Tower
16:23 Guard Tower
16:40 Guard Tower
16:42 Guard Tower
17:04 Guard Tower
17:45 Guard Tower
17:47 Guard Tower
18:27 Guard Tower
19:09 Guard Tower
19:14 Scout Tower
19:15 Scout Tower
19:18 Scout Tower
19:20 Scout Tower
19:21 Scout Tower
19:21 Scout Tower
19:22 Scout Tower
19:23 Scout Tower
19:25 Scout Tower
19:27 Scout Tower
19:32 Guard Tower
21:19 Guard Tower
21:21 Guard Tower
22:39 Guard Tower
22:52 Town Hall
22:56 Scout Tower
22:57 Scout Tower
23:01 Scout Tower
23:02 Scout Tower
23:02 Scout Tower
23:08 Lumber Mill
23:40 Guard Tower
24:16 Farm
24:17 Guard Tower
24:19 Guard Tower
24:24 Scout Tower
24:25 Scout Tower
24:25 Scout Tower
24:54 Guard Tower
25:16 Scout Tower
25:18 Scout Tower
25:19 Scout Tower
25:19 Scout Tower
25:20 Scout Tower
25:21 Scout Tower
25:22 Scout Tower
25:50 Guard Tower
25:51 Guard Tower
28:37 Scout Tower
30:06 Workshop
31:30 Arcane Sanctum
31:32 Farm
31:55 Workshop
31:58 Arcane Vault
32:40 Guard Tower
34:17 Farm
34:23 Scout Tower
35:16 Guard Tower
» items
                
                | Lesser Clarity Potion | 1 |  | 
| Scroll of Town Portal | 1 |  | 
| Potion of Healing | 2 |  | 
                4 total
  
                Chat log
          (00:04 / All) DOGSANDHORSE.RU: u got like
(00:06 / All) DOGSANDHORSE.RU: veronica mages
(00:08 / All) DOGSANDHORSE.RU: and betty mages?
(00:16 / All) RockBocken: how meny
(05:28 / All) DOGSANDHORSE.RU: archress
(05:30 / All) DOGSANDHORSE.RU: my fav uneit
(05:38 / All) RockBocken: sweet surround
(07:09 / All) RockBocken: maybe check the other side
(07:20 / All) RockBocken: woops nope
(07:24 / All) RockBocken: who could have guessed
(07:27 / All) DOGSANDHORSE.RU: wow purple?
(07:28 / All) DOGSANDHORSE.RU: you ok?
(07:36 / All) RockBocken: your faced looks a bit off
(07:38 / All) RockBocken: did someone rock it?
(09:49 / All) GoToYurup: lol.
(23:47 / All) DOGSANDHORSE.RU: STOP STOP STOP u idiot
(25:23 / All) DOGSANDHORSE.RU: u must wisp it
(25:25 / All) DOGSANDHORSE.RU: wisp it good
(25:30 / All) DOGSANDHORSE.RU: before th enoob sit out too long
(25:32 / All) DOGSANDHORSE.RU: u must wisp it
(25:39 / All) SARGEcard.co.uk: -duran duran
(32:24 / All) SARGEcard.co.uk: NOOOO i perish
(40:56 / All) Supranoob3: boring
(40:58 / All) Supranoob3: -.-
(40:59 / All) DOGSANDHORSE.RU: shitnoob
(41:00 / All) DOGSANDHORSE.RU: lmfao
(41:00 / All) RockBocken: yeah
(41:02 / All) RockBocken: too easy
(41:05 / All) GoToYurup: must be boring to suck so hard u cant kill 3 towers..
(41:11 / All) kleid: FUCK YOU MOTHER
(41:17 / All) CrOnOS_: lol 3 tower ?
(41:18 / All) CrOnOS_: you noob
(41:21 / All) CrOnOS_: need laming
(41:26 / All) RockBocken: you noob
(41:27 / All) RockBocken: cant win
(41:32 / All) CrOnOS_: wich is not enought
(41:36 / All) CrOnOS_: we dont play 4v4
(41:40 / All) RockBocken: thx for win
(41:41 / All) CrOnOS_: we play 2v2 and 1v1
(41:43 / All) RockBocken: us 1 u 0
(41:44 / All) CrOnOS_: np
(41:48 / All) RockBocken: Maybe u noob?
(41:48 / All) CrOnOS_: go 1v1
(41:49 / All) CrOnOS_: ?
(41:51 / All) CrOnOS_: :)
(41:54 / All) DOGSANDHORSE.RU: lmao?
(41:59 / All) CrOnOS_: or you are just a good speaker
(41:59 / All) DOGSANDHORSE.RU: 4v4 is at least 4x better than that
(42:00 / All) DOGSANDHORSE.RU: and we win
(42:03 / All) CrOnOS_: 1b1 ?
(42:06 / All) CrOnOS_: lol
(42:07 / All) RockBocken: Lmfao 1v1 noob bitcH
(42:08 / All) DOGSANDHORSE.RU: ty for free win
(42:08 / All) Supranoob3: chanel prairie
(42:09 / All) RockBocken: No dodge fat shit
(42:13 / All) CrOnOS_: you fear
(42:14 / All) CrOnOS_: just it
(42:15 / All) CrOnOS_: :)
(42:17 / All) RockBocken: nice channel
(42:18 / All) CrOnOS_: afraid of 1vs1
(42:18 / All) CrOnOS_: :)
(42:19 / All) RockBocken: 1v1 noob
(42:20 / All) RockBocken: 1v1
(42:23 / All) CrOnOS_: come on
(42:25 / All) RockBocken: 1v1 shitbird
(42:27 / All) CrOnOS_: i have 68% noob
(42:28 / All) CrOnOS_: :)
(42:30 / All) CrOnOS_: you will see
(42:31 / All) CrOnOS_: :)
(42:34 / All) CrOnOS_: it's not speak
(42:35 / All) GoToYurup: you lose this game
(42:36 / All) RockBocken: record vs me hmm 0%
(42:39 / All) GoToYurup: so you big noob
(42:39 / All) DOGSANDHORSE.RU: u lose
(42:41 / All) CrOnOS_: go 1v1